 Dungeon Crawl Stone Soup version 0.25.0-11-g1f837a76a1 (webtiles) character file.

Game seed: 12508813980006664097

9759 grindst0ne the Slicer (level 11, -6/87 HPs)
             Began as a Human Assassin on June 25, 2020.
             Was a Priest of Dithmenos.
             Killed from afar by Maggie (25 damage)
             ... with a bolt of fire
             ... on level 9 of the Dungeon.
             The game lasted 00:28:22 (15425 turns).

grindst0ne the Slicer (Human Assassin)             Turns: 15425, Time: 00:28:23

Health: -6/87      AC: 13    Str: 14    XL:     11   Next: 80%
Magic:  15/15      EV: 13    Int: 11    God:    Dithmenos [***...]
Gold:   523        SH:  6    Dex: 16    Spells: 8/10 levels left

rFire    . . .     SeeInvis .   h - +4 short sword (freeze)
rCold    . . .     Gourm    .   H - +0 buckler
rNeg     . . .     Faith    +   z - +0 scale mail
rPois    .         Spirit   .   J - +0 helmet
rElec    .         Reflect  .   c - +0 cloak
rCorr    +         Harm     .   e - +0 pair of gloves
MR       .....                  (no boots)
Stlth    ++........             t - amulet of faith
HPRegen  0.24/turn              b - ring of resist corrosion
MPRegen  0.14/turn              p - +4 ring of protection

@: mesmerised, slowed, wreathed by umbra, studying Short Blades, very slow
A: no striking features
a: Shadow Step, Renounce Religion


You were on level 9 of the Dungeon.
You worshipped Dithmenos.
Dithmenos was most pleased with you.
You were not hungry.

You visited 3 branches of the dungeon, and saw 12 of its levels.

You collected 523 gold pieces.

Inventory:

Hand Weapons
 h - a +4 short sword of freezing (weapon)
Missiles
 d - 8 poisoned darts (quivered)
 s - 5 boomerangs
 y - 2 javelins
Armour
 c - a +0 cloak (worn)
 e - a +0 pair of gloves (worn)
 m - a +0 chain mail
 z - a +0 scale mail (worn)
 C - a +0 kite shield
 H - a +0 buckler (worn)
 J - a +0 helmet (worn)
Jewellery
 a - an uncursed ring of magical power
 b - a ring of resist corrosion (left hand)
 p - a +4 ring of protection (right hand)
 t - an amulet of faith (around neck)
 L - an uncursed amulet of the acrobat {unknown}
Wands
 g - a wand of digging (2)
 r - a wand of random effects (29)
 G - a wand of flame (8)
Scrolls
 k - 3 scrolls of blinking
 l - 7 scrolls of remove curse
 n - 4 scrolls of enchant weapon
 q - 3 scrolls of enchant armour
 B - 6 scrolls of immolation
Potions
 j - 3 potions of degeneration
 u - a potion of curing
 w - a potion of magic
 x - 4 potions of brilliance
 D - 2 potions of stabbing
 E - a potion of cancellation
 F - 4 potions of flight
 I - a potion of mutation {unknown}
Books
 A - a manual of Short Blades
Miscellaneous
 i - a phial of floods (inert)
Comestibles
 f - 8 rations
 o - 5 chunks of flesh


   Skills:
 + Level 8.7 Fighting
 + Level 10.4 Short Blades
   Level 5.2 Axes
 - Level 2.0 Throwing
 + Level 7.1 Dodging
 - Level 4.3 Stealth
 + Level 6.7 Shields
 - Level 5.0 Translocations
 + Level 5.4 Invocations
 + Level 2.6 Evocations


You had 8 spell levels left.
You knew the following spells:

 Your Spells              Type           Power        Failure   Level  Hunger
a - Blink                 Tloc           N/A          30%         2    ###....

Your spell library contained the following spells:

 Spells                   Type           Power        Failure   Level  Hunger
 Magic Dart               Conj           #...         85%         1    ##.....
 Summon Small Mammal      Summ           #...         85%         1    ##.....
 Call Imp                 Summ           #.......     94%         2    ###....
 Slow                     Hex            #.......     94%         2    ###....
 Call Canine Familiar     Summ           #.......     99%         3    ####...
 Conjure Flame            Conj/Fire      #.......     99%         3    ####...
 Ignite Poison            Fire/Tmut/Pois #.......     99%         3    ####...
 Mephitic Cloud           Conj/Pois/Air  #.......     99%         3    ####...
 Summon Guardian Golem    Hex/Summ       #.......     99%         3    ####...
 Summon Ice Beast         Ice/Summ       #.......     100%        4    #####..
 Summon Lightning Spire   Summ/Air       #.......     100%        4    #####..
 Fireball                 Conj/Fire      #.........   100%        5    ######.
 Starburst                Conj/Fire      #.........   100%        6    #######
 Ring of Flames           Chrm/Fire      #.........   100%        7    #######
 Ignition                 Fire           #.........   100%        8    #######


Dungeon Overview and Level Annotations

Branches:
Dungeon (9/15)             Temple (1/1) D:4            Lair (2/6) D:8
    Orc (0/2) D:9
  Swamp: Lair:2-4    Shoals: Lair:2-4     Snake: Lair:2-4    Spider: Lair:2-4

Altars:
Cheibriados
Dithmenos
Elyvilon
Hepliaklqana
Kikubaaqudgha
Makhleb
Qazlal
Ru
Trog
Uskayaw
Wu Jian
Xom
The Shining One

Shops:
D:4 (   D:8 %

Annotations:
D:7 exclusion: downstairs
D:9 Maggie
Lair:2 Sonja


Message History

The leopard gecko hisses angrily.
The leopard gecko barely misses you. The orc wizard misses you.
You block the leopard gecko's attack.
The orc wizard mumbles some strange words.
The orc wizard blinks!
Maggie zaps a wand.
Maggie creates a blast of flame!
The orc wizard gestures wildly while chanting.
The orc wizard blinks!
You are engulfed in blazing flames.
* * * LOW HITPOINT WARNING * * *
The orc wizard is no longer moving quickly.
You are engulfed in blazing flames.
* * * LOW HITPOINT WARNING * * *
Maggie gestures wildly while chanting.
Maggie attempts to bespell you!
You are mesmerised by Maggie!
The orc wizard mumbles some strange words.
The orc wizard blinks!
Maggie casts a spell at you. The bolt of fire hits you!!
You die...

#### ####..... #.......
#####.##.... #........#
#o..§§...# #.@§§§...#
############.l§§@..<#
..@...§§§§§§####§####
...o#######§§§...######
≈≈.≈≈.....§§§§.......>#
≈#'#≈#....#...........#
≈#_#≈# [..#..§........#
≈###≈# ...#..§§.......#
≈≈≈≈≈#....#...........##
........ #.....######.##


You could see Maggie (mesmerising), an orc wizard and a leopard gecko.

Vanquished Creatures
  A two-headed ogre (D:8)
  A black mamba (Lair:1)
  A spiny frog (Lair:1)
  A rime drake (Lair:1)
  A komodo dragon (D:8)
  2 hippogriffs
  A spriggan (D:7)
  Sigmund (D:3)
  17 yaks
  A wyvern (D:9)
  A basilisk (Lair:1)
  A porcupine (Lair:2)
  2 water moccasins
  3 ice beasts
  An orc warrior (D:8)
  A sky beast (D:9)
  A black bear (D:6)
  A phantom (D:6)
  5 ogres
  A wolf (Lair:2)
  2 centaurs
  5 crocodiles
  8 bullfrogs
  3 scorpions
  A water moccasin skeleton (D:8)
  9 wights
  5 killer bees (D:8)
  A howler monkey (D:7)
  5 crimson imps
  2 bullfrog zombies
  3 hounds
  A centaur zombie (D:6)
  A quasit (D:8)
  4 orc priests
  A bullfrog skeleton (D:8)
  5 orc wizards
  4 iguanas
  Natasha (twice) (D:3)
  8 worker ants
  4 gnolls (D:2)
  13 adders
  A shadow imp (D:6)
  2 adder skeletons
  3 worms
  A dart slug (D:4)
  6 leopard geckos
  38 orcs
  4 bats
  5 giant cockroaches
  5 goblins
  9 hobgoblins
  14 jackals
  3 quokkas
  3 frilled lizards
  8 kobolds
  4 rats
  A plant (D:8)
238 creatures vanquished.

Vanquished Creatures (others)
  An orc (D:9)
  4 fungi
  A plant (D:8)
6 creatures vanquished.

Grand Total: 244 creatures vanquished

Notes
Turn   | Place    | Note
-------+----------+-------------------------------------------
     0 | D:1      | grindst0ne the Human Assassin began the quest for the Orb.
     0 | D:1      | Reached XP level 1. HP: 16/16 MP: 1/1
   334 | D:1      | Reached XP level 2. HP: 18/22 MP: 2/2
  1032 | D:2      | Reached XP level 3. HP: 28/28 MP: 3/3
  1133 | D:2      | Reached skill level 3 in Short Blades
  1409 | D:2      | Reached XP level 4. HP: 28/35 MP: 4/4
  1594 | D:2      | You fall into a shaft and drop 2 floors!
  1775 | D:3      | Reached skill level 1 in Axes
  2128 | D:3      | Reached XP level 5. HP: 41/41 MP: 5/5
  2165 | D:3      | Noticed Sigmund
  2207 | D:3      | Killed Sigmund
  2207 | D:3      | Reached XP level 6. HP: 38/48 MP: 6/6
  2455 | D:3      | Noticed Natasha
  2457 | D:3      | Killed Natasha
  2927 | D:2      | Reached XP level 7. HP: 23/55 MP: 7/7
  3852 | D:3      | Noticed Natasha
  3862 | D:3      | Killed Natasha
  4321 | D:4      | Reached skill level 5 in Fighting
  4321 | D:4      | Reached skill level 5 in Axes
  4893 | D:4      | Found a staircase to the Ecumenical Temple.
  4903 | Temple   | Entered the Ecumenical Temple
  4947 | Temple   | Became a worshipper of Dithmenos the Shadowed
  4988 | D:4      | Found a hazy altar of Hepliaklqana.
  4989 | D:4      | Found a shimmering altar of Xom.
  4989 | D:4      | Noticed a Killer Klown
  4990 | D:4      | Noticed a spectral ugly thing
  5140 | D:4      | Found Acvenior's Antique Weapon Shop.
  5203 | D:4      | Reached XP level 8. HP: 11/62 MP: 8/8
  5598 | D:5      | Entered Level 5 of the Dungeon
  6018 | D:5      | Found a white marble altar of Elyvilon.
  6044 | D:5      | Reached skill level 4 in Short Blades
  6406 | D:5      | Reached skill level 1 in Shields
  7202 | D:6      | Reached skill level 5 in Short Blades
  7804 | D:6      | Reached XP level 9. HP: 31/69 MP: 9/9
  7828 | D:6      | Reached skill level 6 in Short Blades
  8883 | D:7      | Reached * piety under Dithmenos
  8883 | D:7      | Reached skill level 7 in Short Blades
  9640 | D:7      | Found a bloodstained altar of Trog.
  9644 | D:7      | Learned a level 2 spell: Blink
  9901 | D:8      | Reached skill level 1 in Translocations
 10334 | D:8      | Reached ** piety under Dithmenos
 10416 | D:8      | Found a staircase to the Lair.
 10417 | D:8      | Noticed a komodo dragon
 10465 | D:8      | Killed a komodo dragon
 10465 | D:8      | Reached skill level 8 in Short Blades
 10465 | D:8      | Reached skill level 5 in Dodging
 10465 | D:8      | Reached skill level 1 in Invocations
 10465 | D:8      | Reached XP level 10. HP: 79/79 MP: 11/11
 10612 | D:8      | Found Wuseos's Food Emporium.
 10942 | D:8      | Reached skill level 5 in Shields
 11097 | D:8      | Noticed a two-headed ogre
 11141 | D:8      | Killed a two-headed ogre
 11669 | D:8      | Reached skill level 9 in Short Blades
 11844 | D:9      | Noticed a catoblepas
 11970 | D:9      | Found a staircase to the Orcish Mines.
 12383 | D:9      | Found a sacrificial altar of Ru.
 12521 | Lair:1   | Entered Level 1 of the Lair of Beasts
 12639 | Lair:1   | Reached *** piety under Dithmenos
 12674 | D:8      | Reached XP level 11. HP: 47/86 MP: 12/14
 13419 | Lair:1   | Reached skill level 1 in Evocations
 13709 | Lair:1   | Reached skill level 10 in Short Blades
 13739 | Lair:1   | Reached skill level 5 in Invocations
 14830 | Lair:2   | Reached skill level 5 in Translocations
 14872 | Lair:2   | Noticed a merfolk siren
 14872 | Lair:2   | Noticed a merfolk siren
 14960 | Lair:2   | Noticed Sonja
 15389 | D:9      | Noticed Maggie
 15425 | D:9      | Killed from afar by Maggie

Illustrated notes

Levels and vault maps discovered:
D:1:      minmay_arrival_checkered_box, layout_loops_ring
D:2:      layout_loops_corners
D:3:      layout_basic, first_ration, uniq_natasha, uniq_sigmund
D:4:      layout_basic, regret_index_temple_of_mockery,
          minmay_temple_entry_overgrown, serial_shops,
          nicolae_shop_temple_entry_statues_fountains, minmay_manual_mess
D:5:      wander_river, layout_loops_corners, lemuel_crystal_altar,
          kennysheep_pointless_box, dk_rats_in_the_wall
D:6:      layout_basic
D:7:      minmay_chambers_of_fours, layout_layer_cave, lightli_temple_of_fire,
          the_bakery
D:8:      layout_basic, david_lair_shrubbed, serial_shops, nicolae_shop_trees,
          special_room [special_room_orc], grunt_potential
D:9:      layout_basic, okawaru_gym_becter, kennysheep_mini_moat, orc_0_dummy,
          fungi_pond_lemuel, uniq_maggie, uniq_psyche
Temple:   regret_index_temple_sphere_string
Lair:1:   layout_chaotic_city, serial_bayou_crossing
Lair:2:   layout_small_grid, elwin_shoals_entry_stream, uniq_sonja

Skill      XL: |  1  2  3  4  5  6  7  8  9 10 11 |
---------------+----------------------------------+-----
Fighting       | 3 4 5 6 7 8 |  8.7
Short Blades   | 3 5 8 9 10 | 10.4
Axes           | 1 3 4 5 |  5.2
Dodging        | 3 5 6 7 |  7.1
Shields        | 2 4 5 6 |  6.7
Translocations | 2 3 5 |  5.0
Invocations    | 1 4 5 |  5.4
Evocations     | 2 |  2.6
Throwing       | |  2.0
Stealth        | |  4.3

Action                   |  1- 3 |  4- 6 |  7- 9 | 10-12 || total
-------------------------+-------+-------+-------+-------++-------
Melee: Dagger            |    86 |   121 |   321 |       ||   528
       War axe           |       |       |    47 |       ||    47
       Unarmed           |       |       |     3 |       ||     3
       Short sword       |       |       |   214 |   559 ||   773
Throw: Dart              |     1 |     4 |    32 |    22 ||    59
       Boomerang         |       |       |     1 |     7 ||     8
       Javelin           |       |       |       |     4 ||     4
Evoke: Wand              |       |       |    20 |    19 ||    39
       Phial of floods   |       |       |       |     1 ||     1
  Use: Potion            |       |     3 |     7 |     5 ||    15
       Scroll            |       |       |    19 |     8 ||    27
 Stab: Sleeping          |     8 |     3 |     4 |       ||    15
       Distracted        |       |       |     1 |       ||     1
  Eat: Chunk             |     1 |     5 |    14 |    10 ||    30
       Ration            |       |       |     3 |     2 ||     5
Armor: Robe              |     6 |       |       |       ||     6
       Leather armour    |    17 |     4 |     6 |       ||    27
       Ring mail         |       |    34 |    56 |       ||    90
       Scale mail        |       |       |    81 |   123 ||   204
       Skin              |       |       |    20 |       ||    20
Dodge: Dodged            |    54 |    71 |   212 |   185 ||   522
Block: Buckler           |       |       |    64 |    92 ||   156
